 Dungeon Crawl Stone Soup version 0.29-a0-91-gdebf4667c2 (webtiles) character file.

Game seed: 15346981666425911972

844 lonewolfV2 the Chopper (level 7, 0/61 HPs)
             Began as a Minotaur Fighter on Feb 7, 2022.
             Slain by a yak (13 damage)
             ... on level 5 of the Dungeon.
             The game lasted 00:07:12 (5435 turns).

lonewolfV2 the Chopper (Minotaur Fighter)           Turns: 5435, Time: 00:07:12

Health: 0/61       AC: 10    Str: 31    XL:     7   Next: 68%
Magic:  6/6        EV: 10    Int:  9    God:
Gold:   149        SH:  5    Dex: 16    Spells: 6/6 levels left

rFire   . . .      SeeInvis .   a - +0 war axe
rCold   . . .      Faith    .   c - +0 buckler
rNeg    . . .      Spirit   .   b - +0 scale mail
rPois   .          Reflect  .   (helmet restricted)
rElec   .          Harm     .   (no cloak)
rCorr   .          Rampage  .   (no gloves)
Will    .....                   h - +2 pair of boots of the Shrike {Str+2 Dex+7}
Stlth   ..........              (no amulet)
HPRegen 0.20/turn               f - +4 ring of slaying
MPRegen 0.10/turn               g - ring of Existentialism {Str+6 Int+4}

@: no status effects
A: horns 2, retaliatory headbutt
a: no special abilities


You were on level 5 of the Dungeon.
You visited 1 branch of the dungeon, and saw 5 of its levels.

You collected 149 gold pieces.

Inventory:

Hand Weapons
 a - a +0 war axe (weapon)
Armour
 b - a +0 scale mail (worn)
 c - a +0 buckler (worn)
 h - the +2 pair of boots of the Shrike (worn) {Str+2 Dex+7}
   (You acquired it on level 2 of the Dungeon)

   Str:       It affects your strength (+2).
   Dex:       It affects your dexterity (+7).
Jewellery
 f - a +4 ring of slaying (left hand)
 g - the ring of Existentialism (right hand) {Str+6 Int+4}
   (You acquired it on level 2 of the Dungeon)

   [ring of strength]

   Str:       It affects your strength (+6).
   Int:       It affects your intelligence (+4).
 l - an amulet of reflection
Wands
 d - a wand of paralysis (10)
 m - a wand of polymorph (11)
Scrolls
 k - a scroll of summoning
Potions
 e - a potion of degeneration {unknown}
 i - a potion of mutation {unknown}
 j - a potion of curing {unknown}


   Skills:
 + Level 5.5 Fighting
 + Level 7.4 Axes
 + Level 6.2 Armour
 + Level 1.5 Dodging
 + Level 1.0 Stealth
 + Level 4.4 Shields
 + Level 0.6 Unarmed Combat


You had 6 spell levels left.
You didn't know any spells.
Your spell library contained the following spells:

 Spells                   Type           Power      Damage    Failure   Level
 Frozen Ramparts          Ice            0%         1d2       96%         3
 Ice Form                 Ice/Tmut       0%         N/A       100%        4
 Summon Ice Beast         Ice/Summ       0%         N/A       100%        4


Dungeon Overview and Level Annotations

Branches:
Dungeon (5/15)
 Temple: D:4-7

Altars:
Trog

Shops:
D:4 :


Innate Abilities, Weirdness & Mutations

You have a pair of horns on your head.
You reflexively headbutt those who attack you in melee.


Message History

The iguana bites you.
You hit the iguana.
The iguana is almost dead.
The iguana bites you but does no damage.
You slash the iguana!
You kill the iguana!
Found a stone staircase leading down.
A yak comes into view.
The yak bellows!
You hear a bellow! x2
A yak is nearby!
A yak is nearby!
A yak comes into view.
The yak bellows!
A yak comes into view.
The yak gores you.
You slash the yak! Your headbutt misses the yak.
The yak is moderately wounded.
The yak gores you. You block the yak's attack. The yak gores you.
The yak barely misses you. The yak gores you.
You slash the yak!
The yak is moderately wounded.
You hit the yak but do no damage. You barely miss the yak. The yak gores you.
The yak gores you! The yak gores you but does no damage. The yak misses you.
You barely miss the yak. Your headbutt misses the yak.
The yak is moderately wounded.
You hit the yak. x2; The yak closely misses you.
The yak gores you! The yak gores you.
You slash the yak!
The yak is heavily wounded.
You barely miss the yak. You hit the yak. The yak barely misses you.
You block the yak's attack. The yak gores you!
* * * LOW HITPOINT WARNING * * *
You barely miss the yak.
The yak is heavily wounded.
You closely miss the yak. You slash the yak!
The yak gores you but does no damage. x2; The yak closely misses you.
You completely miss the yak.
The yak is heavily wounded.
You slash the yak! You hit the yak but do no damage. The yak gores you!
You die...

....# ....# #...# ...)#
#......... .....#
#........
.##............... ###
.# ..... ....#. .... .#
#.... #...# ....# .##
##...# #...## #...#
..###......###.Y@##.>.#
............##.YY#...#
.....# #...........#
...# ##......##..# ..##
##..#### ..# ..## ##.##
#..# #..# #..# #...
#..## ##..# .... ##..#
#..## ....


You could see 3 yaks.

Vanquished Creatures
  A hornet (D:4)
  Edmund (D:4)
  An ogre (D:4)
  A phantom (D:5)
  3 orc priests
  A centaur skeleton (D:4)
  3 iguanas
  Ijyb (D:3)
  An orc wizard (D:3)
  A hound skeleton (D:4)
  3 adders
  An adder skeleton (D:4)
  A dart slug (D:3)
  13 orcs
  6 bats
  8 endoplasms
  4 hobgoblins
  2 jackals (D:2)
  7 kobolds
  4 quokkas
  6 ball pythons
  5 frilled lizards
  7 goblins
  6 rats
87 creatures vanquished.

Vanquished Creatures (collateral kills)
  A kobold (D:3)
1 creature vanquished.

Grand Total: 88 creatures vanquished

Notes
Turn   | Place    | Note
-------+----------+-------------------------------------------
     0 | D:1      | lonewolfV2 the Minotaur Fighter began the quest for the
                  | Orb.
     0 | D:1      | Reached XP level 1. HP: 19/19 MP: 0/0
   141 | D:1      | Reached XP level 2. HP: 27/27 MP: 1/1
   297 | D:1      | Found a faded altar of an unknown god.
   716 | D:2      | Reached skill level 3 in Axes
   732 | D:2      | Reached XP level 3. HP: 15/33 MP: 2/2
   985 | D:2      | Identified 2 scrolls of acquirement
   986 | D:2      | Acquired the +2 pair of boots of the Shrike {Str+2 Dex+7}
  1224 | D:2      | Acquired the ring of Existentialism {Str+6 Int+4}
  1843 | D:3      | Reached XP level 4. HP: 23/41 MP: 3/3
  1847 | D:3      | Reached skill level 4 in Axes
  2562 | D:3      | Reached XP level 5. HP: 47/47 MP: 4/4
  3028 | D:4      | Noticed Ijyb
  3067 | D:3      | Killed Ijyb
  3560 | D:4      | Found a bloodstained altar of Trog.
  3664 | D:4      | Noticed Edmund
  3677 | D:4      | Killed Edmund
  3678 | D:4      | Reached skill level 5 in Axes
  3678 | D:4      | Reached skill level 5 in Armour
  3678 | D:4      | Reached XP level 6. HP: 16/55 MP: 5/5
  4064 | D:4      | Reached skill level 5 in Fighting
  4064 | D:4      | Reached skill level 1 in Dodging
  4065 | D:4      | Reached skill level 6 in Axes
  4079 | D:4      | Noticed a hornet
  4087 | D:4      | Killed a hornet
  4088 | D:4      | Reached XP level 7. HP: 16/61 MP: 6/6
  4375 | D:4      | Found Zoext's Book Emporium.
  4838 | D:4      | Reached skill level 7 in Axes
  4855 | D:4      | Reached skill level 1 in Stealth
  5199 | D:5      | Entered Level 5 of the Dungeon
  5421 | D:5      | Noticed a yak
  5422 | D:5      | Noticed a yak
  5422 | D:5      | Noticed a yak
  5435 | D:5      | Slain by a yak

Illustrated notes

Levels and vault maps discovered:
D:1:      dpeg_arrival_court, layout_basic, shapermc_ecumenical_altar_venn,
          minmay_tromino_i4
D:2:      layout_loops_ring
D:3:      layout_basic
D:4:      layout_loops_ring, mainiacjoe_overflow_alcove_4, serial_shops, shop,
          uniq_ijyb, uniq_edmund
D:5:      layout_layer_cave, nicolae_overflow_hidden_temple,
          hangedman_feature_mirror

Skill      XL: |  1  2  3  4  5  6  7 |
---------------+----------------------+-----
Fighting       | 4 5 |  5.5
Armour         | 4 5 6 |  6.2
Axes           | 3 4 5 6 7 |  7.4
Shields        | 4 |  4.4
Dodging        | 1 |  1.5
Stealth        | 1 |  1.0
Unarmed Combat | |  0.6

Action                   |  1- 3 |  4- 6 |  7- 9 || total
-------------------------+-------+-------+-------++-------
Melee: War axe           |    57 |    53 |    30 ||   140
       Headbutt          |    11 |     5 |     2 ||    18
       Unarmed           |       |    24 |       ||    24
  Use: Scroll            |     2 |     4 |     2 ||     8
       Potion            |       |     1 |       ||     1
Armor: Scale mail        |    23 |    15 |     8 ||    46
       Skin              |       |     1 |       ||     1
Dodge: Dodged            |    34 |    33 |    18 ||    85
Block: Buckler           |    14 |    12 |     8 ||    34

Table legend: (Time is in decaauts)
 A = Elapsed time spent in this place.
 B = Non-inter-level travel time spent in this place.
 C = Inter-level travel time spent in this place.
 D = Time resting spent in this place.
 E = Time spent auto-exploring this place.
 F = Levels seen in this place.
 G = Mean time per level.
                   A        B        C        D        E       F      G
               +--------+--------+--------+--------+--------+-----+--------+
         Total |   5474 |   5377 |     97 |   1850 |   2859 |   5 | 1094.8 |
       Dungeon |   5474 |   5377 |     97 |   1850 |   2859 |   5 | 1094.8 |
               +--------+--------+--------+--------+--------+-----+--------+

Top non-repeatable levels by time:
     D:4: 1747 daAuts
     D:3: 1724 daAuts
     D:2: 1059 daAuts
     D:1: 705 daAuts
     D:5: 238 daAuts
